[Event "41st Amateur D7"]
[Site "ChessGUI4"]
[Date "2013.07.05"]
[Round "9.1"]
[White "ProChess 1.02AD"]
[Black "Carballo 0.8"]
[Result "0-1"]
[BlackElo "2273"]
[ECO "D15"]
[EventDate "2013.??.??"]
[TimeControl "40/1500:40/1500:40/1500"]
[WhiteElo "2244"]

{ i5 Quad } 1.d4 d5 2.c4 c6 3.Nc3 Nf6 4.e3 a6 5.Nf3 b5 6.b3 Bf5 7.Ne5 h6 8.g4 Bh7 9.Bg2 e6
{ [%eval -67,12] [%emt 0:00:37] (e6) } 10.Bb2
{ [%eval 41,11] [%emt 0:00:54] (O-O) } 10...bxc4
{ [%eval -17,13] [%emt 0:00:36] (Nfd7) } 11.bxc4
{ [%eval 30,12] [%emt 0:00:52] (O-O) } 11...Nbd7
{ [%eval 0, 13] [%emt 0:00:35] (Nbd7) } 12.Qa4
{ [%eval 21,11] [%emt 0:01:12] (cxd5) } 12...Nxe5
{ [%eval 38,12] [%emt 0:00:34] (Qc8) } 13.dxe5
{ [%eval 45,12] [%emt 0:00:55] (dxe5) } 13...Nd7
{ [%eval 44,13] [%emt 0:00:33] (Nd7) } 14.Qxc6
{ [%eval 24,11] [%emt 0:01:22] (Ne2) } 14...Rc8
{ [%eval 52,14] [%emt 0:00:32] (Rb8) } 15.Qxa6
{ [%eval -1, 11] [%emt 0:00:52] (Qxa6) } 15...Rxc4
{ [%eval 60,13] [%emt 0:00:32] (Rxc4) } 16.O-O
{ [%eval 0,10] [%emt 0:01:01] (O-O) } 16...Rxg4
{ [%eval 75,13] [%emt 0:00:31] (Qb8) } 17.f4
{ [%eval 2,10] [%emt 0:00:45] (Nb5) } 17...Bc5
{ [%eval 79,13] [%emt 0:00:30] (Bc5) } 18.Qe2
{ [%eval 10,11] [%emt 0:00:35] (Kh1) } 18...Qh4
{ [%eval 54,12] [%emt 0: 00:29] (Bf5) } 19.Kh1
{ [%eval 12,11] [%emt 0:00:39] (Kh1) } 19...O-O
{ [%eval 59,12] [%emt 0:00:29] (O-O) } 20.Bf3
{ [%eval 0,11] [%emt 0:03:30] (Rf3) } 20...Rg3
{ [%eval 115,12] [%emt 0:00:28] (Rg3) } 21.Rg1
{ [%eval -6,10] [%emt 0:01:00] (Rac1) } 21...Bd3
{ [%eval 88,14] [%emt 0:00:27] (Rxg1) } 22.Qd2
{ [%eval -13,11] [%emt 0:00:28] (Qd2) } 22...Rxg1+
{ [%eval 86,14] [%emt 0:00:26] (Rxg1) } 23.Rxg1
{ [%eval -13,11] [%emt 0:00:52] (Rxg1) } 23...Bg6
{ [%eval 89,13] [%emt 0:00:26] (Rb8) } 24.Qe2
{ [%eval -12,10] [%emt 0:00:21] (Na4) } 24...Rb8
{ [%eval 94,13] [%emt 0:00:25] (Rb8) } 25.Rg4
{ [%eval -12,10] [%emt 0:00:23] (Na4) } 25...Qd8
{ [%eval 101,13] [%emt 0:00: 24] (Qd8) } 26.Ba1
{ [%eval -31,10] [%emt 0:00:34] (Ba1) } 26...Qa5
{ [%eval 116,12] [%emt 0:00:24] (Qa5) } 27.Rg1
{ [%eval -27,10] [%emt 0:00:29] (Rg1) } 27...Nb6
{ [%eval 142,12] [%emt 0:00:23] (Nb6) } 28.h4
{ [%eval -65,10] [%emt 0:00:12] (Rd1) } 28...Nc4
{ [%eval 136,12] [%emt 0:00:23] (Nc4) } 29.h5
{ [%eval -17,11] [%emt 0:00:19] (h5) } 29...Bh7
{ [%eval 106,13] [%emt 0:00:22] (Bh7) } 30.Qg2
{ [%eval -6,10] [%emt 0:00:19] (Qg2) } 30...Bf8
{ [%eval 116,14] [%emt 0:00:21] (Bf8) } 31.e4
{ [%eval -25,10] [%emt 0:00:14] (e4) } 31...d4
{ [%eval 110,13] [%emt 0:00:21] (d4) } 32.Ne2
{ [%eval -23,11] [%emt 0:00:15] (Nb1) } 32...d3
{ [%eval 147,12] [%emt 0:00:20] (d3) } 33.Nc3
{ [%eval -37,11] [%emt 0:00:20] (Nc3) } 33...d2
{ [%eval 147,10] [%emt 0: 00:20] (Rc8) } 34.Bd1
{ [%eval -28,8] [%emt 0:00:09] (Qg3) } 34...Qd8
{ [%eval 142,12] [%emt 0:00:19] (Rd8) } 35.Qg3
{ [%eval -30,9] [%emt 0:00:14] (Qf2) } 35...Qd4
{ [%eval 165,13] [%emt 0:00:19] (Qd4) } 36.Bf3
{ [%eval -48,10] [%emt 0:00:21] (Bf3) } 36...Ne3
{ [%eval 155,10] [%emt 0:00:18] (Na3) } 37.Qf2
{ [%eval -88,9] [%emt 0:00:11] (Kh2) } 37...Qd3
{ [%eval 181,12] [%emt 0:00:18] (Qd3) } 38.Be2
{ [%eval -110, 10] [%emt 0:00:07] (Kh2) } 38...d1=Q
{ [%eval 187,13] [%emt 0:00:17] (Bxe4) } 39.Nxd1
{ [%eval -81,11] [%emt 0:00:07] (Nxd1) } 39...Qxe4+
{ [%eval 194,14] [%emt 0:00:17] (Qxe4) } 40.Kh2
{ [%eval -102,12] [%emt 0:00:26] (Kh2) } 40...Nd5
{ [%eval 197,14] [%emt 0:00:17] (Nd5) } 41.Nc3
{ [%eval -131,13] [%emt 0:03:11] (Nc3) } 41...Qxf4+
{ [%eval 202,15] [%emt 0:00:54] (Qxf4) } 42.Qxf4
{ [%eval -142,15] [%emt 0:02:01] (Qxf4) } 42...Nxf4
{ [%eval 195,14] [%emt 0:00:52] (Nxf4) } 43.Kg3
{ [%eval -145,14] [%emt 0:04:07] (Rg4) } 43...Nxe2+
{ [%eval 224,15] [%emt 0:00:51] (Nxe2) } 44.Nxe2
{ [%eval -145,14] [%emt 0:00:37] (Nxe2) } 44...Ra8
{ [%eval 227,16] [%emt 0:00:50] (Ra8) } 45.Nc3
{ [%eval -148,13] [%emt 0:00:43] (Nc3) } 45...Bb4
{ [%eval 231,15] [%emt 0: 00:48] (Bb4) } 46.Rd1
{ [%eval -147,13] [%emt 0:00:33] (Rd1) } 46...Bf5
{ [%eval 234, 16] [%emt 0:00:47] (Bf5) } 47.Rd7
{ [%eval -148,14] [%emt 0:00:28] (Kf4) } 47...Bxc3
{ [%eval 231,17] [%emt 0:00:46] (g6) } 48.Bxc3
{ [%eval -170,15] [%emt 0:00:26] (Bxc3) } 48...Rxa2
{ [%eval 234,18] [%emt 0:00:45] (Ra3) } 49.Rd8+
{ [%eval -162,14] [%emt 0:00:37] (Rd8) } 49...Kh7
{ [%eval 234,18] [%emt 0:00:44] (Kh7) } 50.Bb4
{ [%eval -167,14] [%emt 0:00:28] (Rc8) } 50...Rb2
{ [%eval 238,17] [%emt 0:00:43] (Ra4) } 51.Bc3
{ [%eval -170,15] [%emt 0:00:25] (Bc3) } 51...Rb3
{ [%eval 246,18] [%emt 0:00: 42] (Rb3) } 52.Rc8
{ [%eval -180,18] [%emt 0:00:47] (Rc8) } 52...g5
{ [%eval 247,18] [%emt 0:00:40] (Bc2) } 53.hxg6+
{ [%eval -162,16] [%emt 0:00:27] (hxg6) } 53...Kxg6
{ [%eval 243,20] [%emt 0:00:39] (Kxg6) } 54.Kf4
{ [%eval -171,15] [%emt 0:01:44] (Rg8) } 54...h5
{ [%eval 293,16] [%emt 0:00:38] (h5) } 55.Bd4
{ [%eval -182,14] [%emt 0:00:36] (Bd4) } 55...Rb4
{ [%eval 307,17] [%emt 0:00:37] (Rb4) } 56.Rd8
{ [%eval -196, 15] [%emt 0:00:19] (Ke3) } 56...h4
{ [%eval 331,16] [%emt 0:00:37] (h4) } 57.Ke3
{ [%eval -197,14] [%emt 0:01:03] (Ke3) } 57...Rb3+
{ [%eval 324,16] [%emt 0:00:36] (f6) } 58.Kf4
{ [%eval -203,15] [%emt 0:00:44] (Kf4) } 58...Rb4
{ [%eval 311,16] [%emt 0:00: 35] (Rd3) } 59.Ke3
{ [%eval 0,28] [%emt 0:00:13] (Ke3) } 59...h3
{ [%eval 329,16] [%emt 0:00:34] (f6) } 60.Rg8+
{ [%eval -197,14] [%emt 0:00:16] (Rg8) } 60...Kh5
{ [%eval 331,17] [%emt 0:00:33] (Kh6) } 61.Rh8+
{ [%eval -247,13] [%emt 0:00:20] (Rg1) } 61...Kg4
{ [%eval 396,16] [%emt 0:00:32] (Kg4) } 62.Bc3
{ [%eval -281,14] [%emt 0:00:25] (Bc3) } 62...Rb3
{ [%eval 556,18] [%emt 0:00:31] (Re4) } 63.Kd4
{ [%eval -545,15] [%emt 0:00:16] (Kd4) } 63...Kg3
{ [%eval 561,16] [%emt 0:00:31] (Rb1) } 64.Be1+
{ [%eval -563,14] [%emt 0:00:26] (Kc4) } 64...Kg2
{ [%eval 692,17] [%emt 0:00: 30] (Kg2) } 65.Bc3
{ [%eval -575,14] [%emt 0:00:16] (Rg8) } 65...h2
{ [%eval 699,18] [%emt 0:00:29] (h2) } 66.Rg8+
{ [%eval -590,14] [%emt 0:00:18] (Rg8) } 0-1

[Event "41st Amateur D7"]
[Site "ChessGUI4"]
[Date "2013.07.05"]
[Round "9.2"]
[White "Waxman 2011"]
[Black "MadChess 1.2"]
[Result "1-0"]
[BlackElo "2200"]
[ECO "B97"]
[EventDate "2013.??.??"]
[TimeControl "40/1500:40/1500:40/1500"]
[WhiteElo "2256"]

{ i5 Quad } 1.e4 c5 2.Nf3 d6 3.d4 cxd4 4.Nxd4 Nf6 5.Nc3 a6 6.Bg5 e6 7.f4 Qb6 8.Qd2 Qxb2 9.Rb1 Qa3 { [%eval 35,12] [%emt 0:01:00] (Qa3) } 10.Be2
{ [%eval -7,12] [%emt 0:00:45] (Bxf6) } 10...Nbd7
{ [%eval 56,11] [%emt 0:00:44] (Be7) } 11.O-O
{ [%eval -23,12] [%emt 0:01:11] (O-O) } 11...Be7
{ [%eval 44,10] [%emt 0:00:31] (Be7) } 12.f5
{ [%eval -23,12] [%emt 0: 00:52] (Qe3) } 12...e5
{ [%eval 61,10] [%emt 0:00:20] (e5) } 13.Nb3
{ [%eval -8,12] [%emt 0:01:14] (Nb3) } 13...O-O
{ [%eval 81,10] [%emt 0:00:19] (Qb4) } 14.Qe1
{ [%eval -19,11] [%emt 0:00:37] (Be3) } 14...Re8
{ [%eval 85,10] [%emt 0:00:53] (Bd8) } 15.Bd2
{ [%eval -43,11] [%emt 0:00:31] (Qg3) } 15...Qb4
{ [%eval 94,11] [%emt 0:01:15] (d5) } 16.Nd5
{ [%eval 12,13] [%emt 0:00:33] (Nd5) } 16...Qxe4
{ [%eval 130,13] [%emt 0:00:43] (Qxe4) } 17.Nc7
{ [%eval 18,13] [%emt 0:01:18] (Nc7) } 17...Rb8
{ [%eval 111, 12] [%emt 0:00:31] (Rb8) } 18.Nxe8
{ [%eval 14,10] [%emt 0:00:23] (Nxe8) } 18...Nxe8
{ [%eval 129,11] [%emt 0:00:29] (Nxe8) } 19.Bd3
{ [%eval -12,12] [%emt 0:00:36] (Bd3) } 19...Qxe1
{ [%eval 128,11] [%emt 0:01:07] (Qxe1) } 20.Rfxe1
{ [%eval -52,13] [%emt 0:00:38] (Rfxe1) } 20...b6
{ [%eval 122,12] [%emt 0:00:34] (b6) } 21.a4
{ [%eval -60,12] [%emt 0:00:28] (a4) } 21...Bb7
{ [%eval 133,11] [%emt 0:00:16] (Nef6) } 22.c4
{ [%eval -68,12] [%emt 0:00:39] (c4) } 22...Nef6
{ [%eval 136,11] [%emt 0:00:23] (Bh4) } 23.a5
{ [%eval -50,13] [%emt 0:00:29] (a5) } 23...Bd8
{ [%eval 132,11] [%emt 0: 00:21] (Bd8) } 24.Kf1
{ [%eval -64,12] [%emt 0:00:40] (Bb4) } 24...Rc8
{ [%eval 140,10] [%emt 0:00:19] (Bc7) } 25.Bb4
{ [%eval -49,13] [%emt 0:00:39] (axb6) } 25...d5
{ [%eval 176,13] [%emt 0:00:42] (d5) } 26.cxd5
{ [%eval -41,13] [%emt 0:00:46] (cxd5) } 26...Nxd5
{ [%eval 173,13] [%emt 0:00:39] (b5) } 27.Bd2
{ [%eval -37,13] [%emt 0:00:43] (Be4) } 27...b5
{ [%eval 189,12] [%emt 0:00:38] (b5) } 28.Be4
{ [%eval -42,13] [%emt 0:00:33] (Be4) } 28...Be7
{ [%eval 191,11] [%emt 0:00:20] (Bh4) } 29.Bf3
{ [%eval -39,13] [%emt 0:01:18] (Bf3) } 29...Rc2
{ [%eval 190,10] [%emt 0:00:25] (Kh8) } 30.Rbd1
{ [%eval -34,13] [%emt 0:00:36] (g3) } 30...Rc7
{ [%eval 178,11] [%emt 0:00: 27] (Rc7) } 31.Rc1
{ [%eval -33,13] [%emt 0:00:34] (Rc1) } 31...Rxc1
{ [%eval 174,12] [%emt 0:00:34] (Rc4) } 32.Nxc1
{ [%eval -92,10] [%emt 0:00:50] (Nxc1) } 32...f6
{ [%eval 181,13] [%emt 0:00:45] (f6) } 33.Nd3
{ [%eval -63,14] [%emt 0:00:30] (Nd3) } 33...Kf7
{ [%eval 171,12] [%emt 0:00:25] (Nc5) } 34.g4
{ [%eval -45,13] [%emt 0:00:35] (h4) } 34...Nc5
{ [%eval 195,14] [%emt 0:00:54] (Bd6) } 35.Nxc5
{ [%eval -44, 14] [%emt 0:00:24] (Nxc5) } 35...Bxc5
{ [%eval 181,15] [%emt 0:00:57] (Bxc5) } 36.Rc1
{ [%eval -39,15] [%emt 0:00:53] (Rc1) } 36...Bd6
{ [%eval 188,14] [%emt 0:01:09] (Bd6) } 37.Kf2
{ [%eval -37,15] [%emt 0:01:22] (Kf2) } 37...Ke7
{ [%eval 186,14] [%emt 0:01: 33] (Ke7) } 38.g5
{ [%eval -31,14] [%emt 0:00:48] (h4) } 38...fxg5
{ [%eval 196,13] [%emt 0:01:05] (fxg5) } 39.Bxg5+
{ [%eval -21,14] [%emt 0:00:18] (Bxg5) } 39...Ke8
{ [%eval 142,14] [%emt 0:01:40] (Kf7) } 40.Bxd5
{ [%eval 9,14] [%emt 0:00:24] (f6) } 40...Bxd5
{ [%eval 152,17] [%emt 0:01:23] (Bxd5) } 41.Rd1
{ [%eval 31,16] [%emt 0: 00:38] (Rd1) } 41...Bc5+
{ [%eval 86,17] [%emt 0:00:59] (Bc5) } 42.Be3
{ [%eval 55,16] [%emt 0:00:23] (Be3) } 42...Bb3
{ [%eval 66,16] [%emt 0:00:31] (Bb3) } 43.Rc1
{ [%eval 73,16] [%emt 0:00:27] (Rc1) } 43...Bxe3+
{ [%eval 58,16] [%emt 0:02:46] (Bxe3) } 44.Kxe3
{ [%eval 89,17] [%emt 0:00:16] (Kxe3) } 44...Kd7
{ [%eval 47,16] [%emt 0:00: 50] (Kd7) } 45.Rg1
{ [%eval 110,18] [%emt 0:00:27] (Rg1) } 45...g6
{ [%eval -11,16] [%emt 0:00:45] (g6) } 46.fxg6
{ [%eval 135,18] [%emt 0:00:10] (fxg6) } 46...hxg6
{ [%eval -100,17] [%emt 0:01:20] (hxg6) } 47.Rxg6
{ [%eval 184,18] [%emt 0:00:16] (Rxg6) } 47...Be6
{ [%eval -117,17] [%emt 0:01:05] (Be6) } 48.h4
{ [%eval 318,19] [%emt 0:00:23] (Rg7) } 48...b4
{ [%eval -146,16] [%emt 0:00:56] (b4) } 49.h5
{ [%eval 386,19] [%emt 0:00:40] (h5) } 49...b3
{ [%eval -210,16] [%emt 0:00:42] (b3) } 50.Rg2
{ [%eval 406,18] [%emt 0:00:25] (Kd2) } 50...Kc6
{ [%eval -379,16] [%emt 0:01:05] (Bf5) } 51.h6
{ [%eval 466,19] [%emt 0:00:36] (h6) } 51...Bf5
{ [%eval -373,18] [%emt 0:01:17] (Bf5) } 52.Rb2
{ [%eval 468,20] [%emt 0:00:35] (Rb2) } 52...Kb5
{ [%eval -359,17] [%emt 0:00:27] (Kb5) } 53.Rxb3+
{ [%eval 494,20] [%emt 0:00:47] (Rxb3) } 53...Kxa5
{ [%eval -378,17] [%emt 0:00:24] (Kxa5) } 54.Rb7
{ [%eval 433,14] [%emt 0:00:30] (Rb7) } 54...Ka4
{ [%eval -379,17] [%emt 0:01:00] (Ka4) } 55.Re7
{ [%eval 500,15] [%emt 0:00:31] (Re7) } 55...a5
{ [%eval -516,18] [%emt 0:00:43] (a5) } 56.Rxe5
{ [%eval 501,16] [%emt 0:00:33] (Rxe5) } 56...Bg6
{ [%eval -528,18] [%emt 0:00:28] (Bh7) } 57.Re7
{ [%eval 738,16] [%emt 0:01:36] (Rg5) } 57...Kb3
{ [%eval -520,17] [%emt 0: 00:36] (Kb3) } 58.h7
{ [%eval 750,16] [%emt 0:00:46] (Rb7) } 58...Bxh7
{ [%eval -538, 19] [%emt 0:00:45] (Bxh7) } 1-0

[Event "41st Amateur D7"]
[Site "ChessGUI4"]
[Date "2013.07.05"]
[Round "9.3"]
[White "Gibbon 2.57a 64-bit"]
[Black "Shallow 1.0 64-bit"]
[Result "1-0"]
[BlackElo "2200"]
[ECO "B81"]
[EventDate "2013.??.??"]
[TimeControl "40/1500:40/1500:40/1500"]
[WhiteElo "2251"]

{ i5 Quad } 1.e4 c5 2.Nf3 d6 3.d4 cxd4 4.Nxd4 Nf6 5.Nc3 e6 6.g4 h6 7.Bg2 Nc6 8.h3 Be7 9.h4 Nxd4 { [%eval 27,14] [%emt 0:00:42] (Nd7) } 10.Qxd4
{ [%eval 2,12] [%emt 0:00:07] (Qxd4) } 10...e5
{ [%eval 26,14] [%emt 0:00:42] (Nd7) } 11.Qa4+
{ [%eval -20,14] [%emt 0:00:55] (Qa4) } 11...Bd7
{ [%eval 26,14] [%emt 0:00:42] (Bd7) } 12.Qb3
{ [%eval -28,14] [%emt 0:00:41] (Qb3) } 12...Nxg4
{ [%eval 33,13] [%emt 0:00:42] (Nxg4) } 13.Qxb7
{ [%eval -23,13] [%emt 0:00:24] (Qxb7) } 13...O-O
{ [%eval 49,13] [%emt 0:00:42] (Rc8) } 14.h5
{ [%eval -39,14] [%emt 0:01:08] (h5) } 14...Bh4
{ [%eval 43,13] [%emt 0:00:42] (Nf6) } 15.Nd1
{ [%eval -64,13] [%emt 0:00:30] (Nd1) } 15...Rc8
{ [%eval 51,12] [%emt 0:00:42] (Be6) } 16.c3
{ [%eval -43,13] [%emt 0:00:30] (Qb3) } 16...Be6
{ [%eval 51,12] [%emt 0: 01:30] (Rc7) } 17.b3
{ [%eval -69,12] [%emt 0:00:55] (Qxa7) } 17...Qf6
{ [%eval 52,11] [%emt 0:00:41] (Qf6) } 18.Rf1
{ [%eval -74,13] [%emt 0:00:32] (Qxa7) } 18...Nh2
{ [%eval 56,13] [%emt 0:00:41] (Bg5) } 19.Rh1
{ [%eval -89,13] [%emt 0:00:13] (Rh1) } 19...Bg4
{ [%eval 74,14] [%emt 0:01:27] (Bg4) } 20.Rxh2
{ [%eval -85,13] [%emt 0:00:23] (Rxh2) } 20...Bxd1
{ [%eval 100,13] [%emt 0:00:39] (Bxd1) } 21.Qxa7
{ [%eval -92,14] [%emt 0:00:36] (Qxa7) } 21...Bxb3
{ [%eval 101,14] [%emt 0:00:39] (Ra8) } 22.Rxh4
{ [%eval -34,13] [%emt 0:00:18] (Rxh4) } 22...Qxh4
{ [%eval 97,14] [%emt 0:00:39] (Qxh4) } 23.axb3
{ [%eval -32,14] [%emt 0:00:17] (axb3) } 23...Qg4
{ [%eval 91,13] [%emt 0:00:39] (Rxc3) } 24.Bf1
{ [%eval -19,14] [%emt 0:00:32] (Bf1) } 24...Rxc3
{ [%eval 84,13] [%emt 0:00:39] (Rxc3) } 25.Qb7
{ [%eval -29,13] [%emt 0:00:19] (Qb7) } 25...Qh4
{ [%eval 81,12] [%emt 0:00:39] (Qxh5) } 26.b4
{ [%eval 0,13] [%emt 0: 00:26] (Be2) } 26...Rf3
{ [%eval 77,12] [%emt 0:00:39] (Rf3) } 27.Ra2
{ [%eval 0,13] [%emt 0:00:18] (Ra2) } 27...Rc3
{ [%eval 73,12] [%emt 0:00:39] (Rc3) } 28.Bd2
{ [%eval 0,14] [%emt 0:00:15] (Bd2) } 28...Rb3
{ [%eval 59,13] [%emt 0:00:39] (Rf3) } 29.Rc2
{ [%eval 26,12] [%emt 0:00:17] (Rc2) } 29...Qxh5
{ [%eval 57,12] [%emt 0:00:39] (Qxh5) } 30.Qd5
{ [%eval 23,13] [%emt 0:00:35] (b5) } 30...Qf3
{ [%eval 56,13] [%emt 0: 00:39] (Qf3) } 31.Rc1
{ [%eval 18,13] [%emt 0:00:22] (Rc1) } 31...Rb2
{ [%eval 53,13] [%emt 0:00:39] (Kh7) } 32.b5
{ [%eval 45,12] [%emt 0:00:13] (b5) } 32...Qa3
{ [%eval 42,12] [%emt 0:00:39] (h5) } 33.Be2
{ [%eval 57,12] [%emt 0:00:24] (Bd3) } 33...Rd8
{ [%eval 39,12] [%emt 0:00:39] (Kh7) } 34.Qc4
{ [%eval 63,11] [%emt 0:00:12] (Qc4) } 34...Re8
{ [%eval 33,12] [%emt 0:00:39] (Ra8) } 35.Qc3
{ [%eval 84,13] [%emt 0:00: 17] (Qc6) } 35...Rb3
{ [%eval 33,12] [%emt 0:00:39] (Rb3) } 36.Qc6
{ [%eval 85,13] [%emt 0:00:11] (Qc4) } 36...Rd8
{ [%eval 19,12] [%emt 0:00:39] (Rd8) } 37.Qa6
{ [%eval 83,13] [%emt 0:00:24] (Qc7) } 37...Rh3
{ [%eval 16,13] [%emt 0:00:39] (Qb2) } 38.Qxa3
{ [%eval 104,14] [%emt 0:00:25] (Qxa3) } 38...Rxa3
{ [%eval 12,14] [%emt 0:00: 39] (Rxa3) } 39.b6
{ [%eval 98,14] [%emt 0:00:11] (b6) } 39...Rb8
{ [%eval 10,13] [%emt 0:00:39] (Rb8) } 40.Rc6
{ [%eval 109,15] [%emt 0:00:13] (Rb1) } 40...Ra1+
{ [%eval -4,15] [%emt 0:00:39] (Ra1) } 41.Bd1
{ [%eval 120,18] [%emt 0:02:00] (Bd1) } 41...Rb1
{ [%eval 2,15] [%emt 0:00:37] (f5) } 42.Be3
{ [%eval 112,17] [%emt 0: 00:55] (Be3) } 42...Rd8
{ [%eval -7,15] [%emt 0:00:37] (f5) } 43.Kd2
{ [%eval 164,15] [%emt 0:01:10] (Rc7) } 43...d5
{ [%eval -36,13] [%emt 0:00:37] (f5) } 44.Bc2
{ [%eval 258,15] [%emt 0:00:50] (Kc2) } 44...Rb5
{ [%eval -30,13] [%emt 0:00:37] (dxe4) } 45.exd5
{ [%eval 329,15] [%emt 0:01:03] (exd5) } 45...f5
{ [%eval -145,12] [%emt 0:00:37] (g6) } 46.Bxf5
{ [%eval 480,14] [%emt 0:00:43] (Bxf5) } 46...Rf8
{ [%eval -257,10] [%emt 0:00:37] (h5) } 47.Be6+
{ [%eval 783,15] [%emt 0:00:28] (Be6) } 47...Kh7
{ [%eval -609,13] [%emt 0:00:37] (Kh7) } 48.d6
{ [%eval 827,15] [%emt 0:00:28] (d6) } 48...Rd8
{ [%eval -639,13] [%emt 0:01:18] (Rd8) } 49.Kc3
{ [%eval 877,16] [%emt 0:01:23] (Kc3) } 49...h5
{ [%eval -707,12] [%emt 0:00:36] (g5) } 50.d7
{ [%eval 1192, 16] [%emt 0:00:23] (Bg5) } 50...g6
{ [%eval -1073,13] [%emt 0:00:36] (g6) } 1-0

[Event "41st Amateur D7"]
[Site "ChessGUI4"]
[Date "2013.07.05"]
[Round "9.4"]
[White "Butcher 1.64 64-bit"]
[Black "ChessKiss 1.7 64-bit"]
[Result "1-0"]
[BlackElo "2214"]
[ECO "D43"]
[EventDate "2013.??.??"]
[TimeControl "40/1500:40/1500:40/1500"]
[WhiteElo "2355"]

{ i5 Quad } 1.d4 Nf6 2.c4 c6 3.Nc3 d5 4.Nf3 e6 5.Bg5 h6 6.Bxf6 Qxf6 7.e3 Nd7 8.Bd3 dxc4 9.Bxc4 Qd8
{ [%eval -77,13] [%emt 0:00: 43] (Nb6) } 10.O-O
{ [%eval 19,12] [%emt 0:01:00] (O-O) } 10...Nf6
{ [%eval -74,13] [%emt 0:00:40] (Nf6) } 11.Rc1
{ [%eval 18,11] [%emt 0:00:59] (Qc2) } 11...Bd6
{ [%eval -59,13] [%emt 0:00:42] (Bd6) } 12.Ne5
{ [%eval 16,11] [%emt 0:00:58] (Qd3) } 12...O-O
{ [%eval -56,11] [%emt 0:00:39] (Bd7) } 13.Qe2
{ [%eval 9,11] [%emt 0: 01:04] (Qc2) } 13...Nd7
{ [%eval -53,12] [%emt 0:00:38] (Qe7) } 14.f4
{ [%eval 21,11] [%emt 0:01:03] (Nf3) } 14...Nxe5
{ [%eval -52,12] [%emt 0:00:37] (Nb6) } 15.fxe5
{ [%eval 72,11] [%emt 0:00:54] (fxe5) } 15...Be7
{ [%eval -62,13] [%emt 0:00:39] (Be7) } 16.Ne4
{ [%eval 86,11] [%emt 0:01:02] (Kh1) } 16...b6
{ [%eval -56,11] [%emt 0:00:34] (b6) } 17.Qg4
{ [%eval 134,11] [%emt 0:01:01] (Kh1) } 17...Kh8
{ [%eval -64,11] [%emt 0:00:33] (Kh8) } 18.Rf3
{ [%eval 164,11] [%emt 0:00:59] (Qh5) } 18...b5
{ [%eval -100, 11] [%emt 0:00:30] (g6) } 19.Bd3
{ [%eval 178,10] [%emt 0:00:58] (Bd3) } 19...Bd7
{ [%eval -136,10] [%emt 0:00:32] (Bb7) } 20.Nf6
{ [%eval 247,11] [%emt 0:00:56] (Rcf1) } 20...Be8
{ [%eval -215,11] [%emt 0:00:33] (Bxf6) } 21.Rh3
{ [%eval 15986,11] [%emt 0:00:48] (Qe4) } 21...Qd5
{ [%eval -11987,14] [%emt 0:00:30] (Qd5) } 22.Qg5
{ [%eval 15988,10] [%emt 0:00:48] (Qg5) } 22...Qxg2+
{ [%eval -11989,19] [%emt 0:00:29] (Qxg2) } 23.Kxg2
{ [%eval 15990,12] [%emt 0:00:47] (Kxg2) } 23...Bxf6
{ [%eval -11991, 56] [%emt 0:00:25] (Bxf6) } 24.Rxh6+
{ [%eval 15992,11] [%emt 0:00:46] (exf6) } 24...Kg8
{ [%eval -11993,63] [%emt 0:00:00] (Kg8) } 1-0